 Dungeon Crawl Stone Soup version 0.22-a0-179-gb5258fd (webtiles) character file.

57 wolfsongas the Magician (level 4, -5/34 HPs)
             Began as a Gnoll Wanderer on Feb 13, 2018.
             Slain by Crazy Yiuf
             ... wielding a +3 quarterstaff of chaos
              (6 damage)
             ... on level 2 of the Dungeon.
             The game lasted 00:03:04 (1274 turns).

wolfsongas the Magician (Gnoll Wanderer)            Turns: 1274, Time: 00:03:05

Health: -5/34      AC:  2    Str: 16    XL:     4   Next: 0%
Magic:  19/20      EV: 10    Int: 14    God:
Gold:   8          SH:  0    Dex: 14    Spells: 12/13 levels left

rFire    . . .     SeeInvis .   e - +1 club
rCold    . . .     Gourm    .   h - +0 shield
rNeg     . . .     Faith    .   d - +0 robe
rPois    .         Spirit   .   (no helmet)
rElec    .         Reflect  .   (no cloak)
rCorr    .         Harm     .   (no gloves)
MR       .....                  (no boots)
Stlth    +.........             (no amulet)
HPRegen  0.11/turn              n - ring of magical power
MPRegen  0.17/turn              (no ring)

@: confused, very slightly contaminated
A: distributed training, fangs 1, strong nose
a: no special abilities


You were on level 2 of the Dungeon.
You were not hungry.

You visited 1 branch of the dungeon, and saw 2 of its levels.

You collected 8 gold pieces.

Inventory:

Hand Weapons
 e - a +1 club (weapon)
Armour
 d - a +0 robe (worn)
 h - a +0 shield (worn)
Jewellery
 n - a ring of magical power (left hand)
Scrolls
 c - a scroll of teleportation
 g - a scroll of remove curse
 i - a scroll of identify
Potions
 j - 2 potions of curing
 m - a potion of ambrosia
Books
 a - a book of Necromancy

   Spells                             Type                      Level
   a - Pain                           Necromancy                   1
   b - Animate Skeleton               Necromancy                   1
   c - Vampiric Draining              Necromancy                   3
   d - Regeneration                   Charms/Necromancy            3
   e - Animate Dead                   Necromancy                   4
 b - the Volume of Transformation

   Spells                             Type                      Level
   a - Beastly Appendage              Transmutation                1
   b - Ignite Poison                  Fire/Transmutation/Poison    3
Comestibles
 f - a ration


   Skills:
 + Level 2.6 Fighting
 + Level 2.6 Short Blades
 + Level 1.0 Long Blades
 + Level 1.0 Axes
 + Level 1.0 Maces & Flails
 + Level 1.0 Polearms
 + Level 1.0 Staves
 + Level 1.0 Slings
 + Level 1.0 Bows
 + Level 1.0 Crossbows
 + Level 1.0 Throwing
 + Level 1.0 Armour
 + Level 2.6 Dodging
 + Level 1.0 Stealth
 + Level 2.6 Shields
 + Level 1.0 Unarmed Combat
 + Level 5.0 Spellcasting
 + Level 0.7 Conjurations
 + Level 0.7 Hexes
 + Level 0.7 Charms
 + Level 0.7 Summonings
 + Level 3.8 Necromancy
 + Level 2.1 Translocations
 + Level 0.7 Transmutations
 + Level 0.7 Fire Magic
 + Level 0.7 Ice Magic
 + Level 0.7 Air Magic
 + Level 0.7 Earth Magic
 + Level 0.7 Poison Magic
 + Level 1.0 Invocations
 + Level 2.6 Evocations


You had 12 spell levels left.
You knew the following spells:

 Your Spells              Type           Power        Failure   Level  Hunger
a - Pain                  Necr           ##..         17%         1    None


Dungeon Overview and Level Annotations

Branches:
Dungeon (2/15)

Altars:

Annotations:
D:2 Crazy Yiuf


Innate Abilities, Weirdness & Mutations

Your experience applies equally to all skills.
You have very sharp teeth.
Your uncanny sense of smell can sniff out nearby items.


Message History

You block Crazy Yiuf's attack.
You closely miss Crazy Yiuf.
Crazy Yiuf is severely wounded.
Crazy Yiuf hits you with a quarterstaff of chaos.
* * * LOW HITPOINT WARNING * * *
Crazy Yiuf draws strength from your wounds!
You hit Crazy Yiuf.
Crazy Yiuf is severely wounded.
You block Crazy Yiuf's attack.
You hit Crazy Yiuf.
Crazy Yiuf is almost dead.
Crazy Yiuf hits you with a quarterstaff of chaos!
* * * LOW HITPOINT WARNING * * *
You are confused.
Crazy Yiuf barely misses you.
You bump into the rock wall.
Crazy Yiuf closely misses you.
You bump into the rock wall.
You bump into the rock wall.
Crazy Yiuf hits you with a quarterstaff of chaos.
You die...

##.#####
##......#
.#..###.####
...........#
#####
##......####
#..)#
#.....###
#.).#
##...## )).
##.## #g#
#.# ##@# #.#
#.## #+#
##)# #.##
##.## ∆
#)..##
#....#
#....# ∆
####....###


You could see Crazy Yiuf.

Vanquished Creatures
  Terence (D:2)
  An adder (D:2)
  A dart slug (D:2)
  2 leopard geckos (D:1)
  2 giant cockroaches
  4 goblins
  A hobgoblin (D:2)
  3 bats
  A frilled lizard (D:2)
  2 kobolds
  A rat (D:2)
19 creatures vanquished.

Notes
Turn   | Place    | Note
-------+----------+-------------------------------------------
     0 | D:1      | wolfsongas the Gnoll Wanderer began the quest for the Orb.
     0 | D:1      | wolfsongas set off with: a book of Necromancy, the Volume of Transformation, a scroll of teleportation, a +0 robe, a +0 club, a ration
     0 | D:1      | Reached XP level 1. HP: 17/17 MP: 6/6
     2 | D:1      | Learned a level 1 spell: Pain
     2 | D:1      | Identified the Volume of Transformation
   330 | D:1      | Reached XP level 2. HP: 21/23 MP: 2/7
   590 | D:2      | Noticed Terence
   601 | D:2      | Killed Terence
   601 | D:2      | Reached skill level 5 in Spellcasting
   601 | D:2      | Reached XP level 3. HP: 16/28 MP: 0/9
   771 | D:2      | Reached skill level 1 in Invocations
   979 | D:2      | Reached skill level 1 in Long Blades
   979 | D:2      | Reached skill level 1 in Axes
   979 | D:2      | Reached skill level 1 in Maces & Flails
   979 | D:2      | Reached skill level 1 in Polearms
   979 | D:2      | Reached skill level 1 in Staves
   979 | D:2      | Reached skill level 1 in Slings
   979 | D:2      | Reached skill level 1 in Bows
   979 | D:2      | Reached skill level 1 in Crossbows
   979 | D:2      | Reached skill level 1 in Throwing
   979 | D:2      | Reached skill level 1 in Armour
   979 | D:2      | Reached skill level 1 in Stealth
   979 | D:2      | Reached skill level 1 in Unarmed Combat
  1204 | D:2      | Reached XP level 4. HP: 34/34 MP: 11/11
  1254 | D:2      | Found a runed door.
  1258 | D:2      | Noticed Crazy Yiuf
  1271 | D:2      | HP: 1/34 [Crazy Yiuf/quarterstaff of chaos (7)]
  1274 | D:2      | Slain by Crazy Yiuf

Vault maps used:
D:1:      grunt_arrival_crossed_arrows
D:2:      solitary_fountain, uniq_crazy_yiuf_cottage, uniq_terence

Skill      XL: |  1  2  3 |
---------------+----------+-----
Translocations | 2 |  2.1
Spellcasting   | 5 |  5.0
Invocations    | 1 |  1.0
Long Blades    | 1 |  1.0
Axes           | 1 |  1.0
Maces & Flails | 1 |  1.0
Polearms       | 1 |  1.0
Staves         | 1 |  1.0
Slings         | 1 |  1.0
Bows           | 1 |  1.0
Crossbows      | 1 |  1.0
Throwing       | 1 |  1.0
Armour         | 1 |  1.0
Stealth        | 1 |  1.0
Unarmed Combat | 1 |  1.0
Fighting       | |  2.6
Short Blades   | |  2.6
Dodging        | |  2.6
Shields        | |  2.6
Conjurations   | |  0.7
Hexes          | |  0.7
Charms         | |  0.7
Summonings     | |  0.7
Necromancy     | |  3.8
Transmutations | |  0.7
Fire Magic     | |  0.7
Ice Magic      | |  0.7
Air Magic      | |  0.7
Earth Magic    | |  0.7
Poison Magic   | |  0.7
Evocations     | |  2.6

Action                   |  1- 3 |  4- 6 || total
-------------------------+-------+-------++-------
Melee: Club              |    38 |     8 ||    46
       Mace              |    10 |       ||    10
       Bite              |       |     1 ||     1
 Cast: Pain              |    22 |     3 ||    25
  Use: Scroll            |     5 |     1 ||     6
       Potion            |     1 |       ||     1
  Eat: Ration            |     1 |       ||     1
Armor: Robe              |    19 |       ||    19
Dodge: Dodged            |    31 |     2 ||    33
Block: Shield            |    30 |     5 ||    35

Table legend:
 A = Spawn XP
 B = Non-spawn XP
 C = Spawn XP percentage of total XP
 D = Spawn monster count
 E = Non-spawn monster count
 F = Spawn count percentage of total count
 G = Total turns spent on level
                    A         B        C        D         E        F      G
               +---------+---------+-------+---------+---------+-------+---------
         Total |       0 |      82 |   0.0 |       0 |      19 |   0.0 |  1274
               +---------+---------+-------+---------+---------+-------+---------
           D:1 |       0 |      14 |   0.0 |       0 |       7 |   0.0 |   470
           D:2 |       0 |      68 |   0.0 |       0 |      12 |   0.0 |   804
               +---------+---------+-------+---------+---------+-------+---------
